 Dungeon Crawl Stone Soup version 0.26-a0-651-gb41185065b (webtiles) character file.

Game seed: 5859514340138406937

678704 Irenicus the Petrodigitator (level 27, -1/216 HPs)
             Began as a Deep Dwarf Earth Elementalist on Oct 20, 2020.
             Was the Champion of Makhleb.
             Killed from afar by an orb of fire (14 damage)
             ... with a fireball
             ... on level 17 of a ziggurat.
             The game lasted 06:14:27 (22508 turns).

Irenicus the Petrodigitator (DDEE)                 Turns: 22508, Time: 06:14:27

Health: -1/216     AC: 29    Str: 15      XL:     27
Magic:  31/57 (48) EV: 25    Int: 30 (34) God:    Makhleb [******]
Gold:   2676       SH: 20    Dex: 24      Spells: 17/68 levels left

rFire    + . .     SeeInvis .   q - +9 staff of Wucad Mu {channel}
rCold    + . .     Faith    .   K - +2 kite shield {reflect}
rNeg     + + +     Spirit   .   d - +4 scale mail of Daffodils {rN+ rCorr Int+3 Dex+4}
rPois    +         Reflect  +   u - +2 helmet {Int+3}
rElec    +         Harm     +   a - +2 ratskin cloak {*Rats rPois rN+ Str-1 Int-1 Dex+1}
rCorr    +         Rampage  .   V - +0 pair of gloves of the Black Moon {-Tele Harm Int+2 Dex+6}
MR       ++++.     NoTele   +   g - +2 pair of boots {run}
Stlth    +++.......             S - amulet of magic regeneration
HPRegen  0.00/turn              f - ring of magical power {MP+9}
MPRegen  0.60/turn              c - ring "Moiseywk" {rF+ rN+ rCorr Str+4}

@: non-regenerating, quick
A: damage resistance, heal wounds, slimy green scales 1, cold resistance 1,
deterioration 1, frail 1, negative energy resistance 1, sense surroundings 3,
electricity resistance, weak 1, subdued magic 1, no regeneration
}: 5/15 runes: decaying, slimy, silver, golden, gossamer
a: Heal Wounds, Minor Destruction, Lesser Servant of Makhleb, Major Destruction,
Greater Servant of Makhleb, Renounce Religion


You were on level 17 of a ziggurat.
You worshipped Makhleb.
Makhleb was exalted by your worship.
You visited 12 branches of the dungeon, and saw 52 of its levels.
You visited 1 ziggurat, and saw 17 of its levels.
You also visited: Ossuary, Gauntlet and Volcano.

You collected 6268 gold pieces.
You spent 3592 gold pieces at shops.

Inventory:

Hand Weapons
 q - the +9 staff of Wucad Mu (weapon) {channel}
   (You acquired it on level 12 of the Dungeon)
Missiles
 G - 209 stones (quivered)
Armour
 a - the +2 ratskin cloak (worn) {*Rats rPois rN+ Str-1 Int-1 Dex+1}
   (You found it on level 3 of the Elven Halls)

   It affects your strength (-1).
   It affects your intelligence (-1).
   It affects your dexterity (+1).
   It protects you from poison.
   It protects you from negative energy.
 d - the +4 scale mail of Daffodils (worn) {rN+ rCorr Int+3 Dex+4}
   (You found it on level 4 of a ziggurat)

   It affects your intelligence (+3).
   It affects your dexterity (+4).
   It protects you from negative energy.
   It provides partial protection from all sources of acid and corrosion.
 g - a +2 pair of boots of running (worn)
   (You found it on level 3 of the Elven Halls)
 s - the cursed +1 scale mail "Roatod" {+Blink +Fly rC+ rCorr}
   (You found it on level 5 of a ziggurat)

   It protects you from cold.
   It lets you fly.
   It lets you blink.
   It provides partial protection from all sources of acid and corrosion.
   It has a curse placed upon it.
 u - a +2 helmet of intelligence (worn)
   (You found it on level 16 of a ziggurat)
 x - the +0 pair of gloves of Gelell {rElec rC+}
   (You found it on level 1 of the Swamp)

   It protects you from cold.
   It insulates you from electricity.
 K - a +2 kite shield of reflection (worn)
   (You found it on level 5 of the Vaults)
 Q - the cursed +0 ring mail of Zin's Outrage {Harm MR+ Str+4 Slay-4}
   (You found it on level 3 of the Elven Halls)

   It affects your strength (+4).
   It affects your accuracy and damage with ranged weapons and melee attacks
   (-4).
   It affects your resistance to hostile enchantments.
   It increases damage dealt and taken.
   It has a curse placed upon it.
 V - the +0 pair of gloves of the Black Moon (worn) {-Tele Harm Int+2 Dex+6}
   (You found it in a Gauntlet)

   It affects your intelligence (+2).
   It affects your dexterity (+6).
   It prevents most forms of teleportation.
   It increases damage dealt and taken.
 W - a +2 tower shield of reflection
   (You bought it in a shop on level 2 of the Vaults)
 X - the +2 leather armour "Welol" {+Blink Str+2 Int+3}
   (You took it off a deep elf demonologist on level 3 of the Elven Halls)

   It affects your strength (+2).
   It affects your intelligence (+3).
   It lets you blink.
Magical Staves
 l - an uncursed staff of earth
   (You found it on level 2 of the Dungeon)
Jewellery
 b - the ring "Horamecw" {*Drain +Blink rC+ MR+ rCorr}
   (You found it on level 5 of the Vaults)

   [ring of resist corrosion]

   It protects you from cold.
   It affects your resistance to hostile enchantments.
   It lets you blink.
   It provides partial protection from all sources of acid and corrosion.
   It causes draining when unequipped.
 c - the ring "Moiseywk" (right hand) {rF+ rN+ rCorr Str+4}
   (You found it on level 3 of the Spider Nest)

   [ring of resist corrosion]

   It affects your strength (+4).
   It protects you from fire.
   It protects you from negative energy.
   It provides partial protection from all sources of acid and corrosion.
 f - a ring of magical power (left hand) {MP+9}
   (You found it on level 13 of the Dungeon)
 k - the ring "Ubbero" {rPois rN+ MR+ Str+6 Dex+2}
   (You found it on level 3 of a ziggurat)

   [ring of strength]

   It affects your strength (+6).
   It affects your dexterity (+2).
   It protects you from poison.
   It protects you from negative energy.
   It affects your resistance to hostile enchantments.
 F - an uncursed ring of flight {+Fly, !d}
   (You found it on level 5 of the Pits of Slime)
 P - an uncursed ring of see invisible {sInv, !d}
   (You found it on level 3 of the Lair of Beasts)
 S - an amulet of magic regeneration (around neck)
   (You bought it in a shop on level 11 of the Dungeon)
 T - a +6 ring of intelligence
   (You found it on level 13 of the Dungeon)
Wands
 e - a wand of acid (9)
   (You took it off Maurice on level 11 of the Dungeon)
 m - a wand of iceblast (10)
   (You found it on level 5 of the Pits of Slime)
 y - a wand of paralysis (13)
   (You found it on level 4 of the Spider Nest)
 M - a wand of digging (6)
   (You found it on level 9 of the Dungeon)
Scrolls
 o - 9 scrolls of immolation {!r}
 t - 9 scrolls of enchant armour
 v - 18 scrolls of remove curse
 z - 6 scrolls of fear
 A - 15 scrolls of teleportation
 E - 3 scrolls of holy word {!r}
 I - 8 scrolls of blinking {!r}
 R - 5 scrolls of magic mapping {!r}
Potions
 i - a potion of invisibility
 r - 8 potions of brilliance
 w - 14 potions of haste
 B - 3 potions of might
 C - 12 potions of mutation {!q}
 D - 5 potions of cancellation
 H - a potion of magic
 J - 3 potions of lignification {!q}
 N - 9 potions of curing
 O - 3 potions of heal wounds
 U - 4 potions of resistance
Miscellaneous
 h - a lightning rod (4/4)
   (You bought it in a shop on level 2 of the Orcish Mines)
 n - a condenser vane (1/2)
   (You bought it in a shop on level 2 of the Orcish Mines)
 p - a tin of tremorstones (3/3)
   (You bought it in a shop on level 2 of the Orcish Mines)
 L - a box of beasts (3/3)
   (You found it on level 2 of the Elven Halls)
 Y - a phantom mirror
   (You found it on level 6 of the Lair of Beasts)
 Z - a phial of floods (inert)
   (You found it on level 6 of the Lair of Beasts)


   Skills:
 - Level 13.4 Fighting
 - Level 16.4 Armour
 - Level 18.2 Dodging
 - Level 7.0 Stealth
 + Level 23.8 Shields
 - Level 21.4 Spellcasting
 - Level 2.5 Conjurations
 - Level 11.0 Necromancy
 - Level 6.1 Translocations
 - Level 0.8 Transmutations
 O Level 27 Earth Magic
 - Level 17.0 Evocations


You had 17 spell levels left.
You knew the following spells:

 Your Spells              Type           Power        Failure   Level
a - Sandblast             Erth           ######       0%          1
b - Shatter               Erth           #######...   3%          9
c - Petrify               Tmut/Erth      ######..     1%          4
d - Borgnjor's Vile Clut  Necr/Erth      #######...   0%          5
e - Passage of Golubria   Tloc           N/A          1%          4
f - Vampiric Draining     Necr           ######....   1%          3
g - Apportation           Tloc           ######       1%          1
h - Statue Form           Tmut/Erth      ######...    1%          6
i - Iron Shot             Conj/Erth      #######...   1%          6
r - Sublimation of Blood  Necr           ######....   1%          2
w - Passwall              Tmut/Erth      ######..     0%          2
x - Stone Arrow           Conj/Erth      ######       0%          3
z - Lee's Rapid Deconstr  Erth           #######...   0%          5

Your spell library contained the following spells:

 Spells                   Type           Power        Failure   Level
 Animate Skeleton         Necr           ######       0%          1
 Pain                     Necr           ####         0%          1
 Beastly Appendage        Tmut           ####..       1%          1
 Corona                   Hex            ###....      1%          1
 Foxfire                  Conj/Fire      ####         1%          1
 Freeze                   Ice            ###.         1%          1
 Magic Dart               Conj           ####         1%          1
 Shock                    Conj/Air       ####         1%          1
 Sting                    Tmut/Pois      ####         1%          1
 Summon Small Mammal      Summ           ###.         1%          1
 Blink                    Tloc           N/A          1%          2
 Corpse Rot               Necr/Air       N/A          1%          2
 Searing Ray              Conj           #####.       1%          2
 Wereblood                Tmut           ####....     1%          2
 Gell's Gravitas          Tloc           ######....   1%          3
 Lesser Beckoning         Tloc           ######....   1%          3
 Portal Projectile        Hex/Tloc       #####.       1%          3
 Teleport Other           Tloc           ######..     1%          3
 Animate Dead             Necr           ######....   1%          4
 Leda's Liquefaction      Hex/Erth       ######....   1%          4
 Agony                    Necr           ######..     1%          5
 Bolt of Magma            Conj/Fire/Erth ######....   1%          5
 Excruciating Wounds      Necr           ######....   1%          5
 Call Imp                 Summ           ###.....     3%          2
 Ensorcelled Hibernation  Hex/Ice        ###...       3%          2
 Poisonous Vapours        Pois/Air       ###...       3%          2
 Slow                     Hex            ###.....     3%          2
 Swiftness                Air            ###.....     3%          2
 Conjure Flame            Conj/Fire      ####....     3%          3
 Dazzling Flash           Conj/Hex       ####..       3%          3
 Static Discharge         Conj/Air       ####....     3%          3
 Death Channel            Necr           ######....   3%          6
 Mephitic Cloud           Conj/Pois/Air  ####....     4%          3
 Ignite Poison            Fire/Tmut/Pois ####....     5%          3
 Spider Form              Tmut/Pois      ####......   5%          3
 Call Canine Familiar     Summ           ###.....     6%          3
 Confusing Touch          Hex            ###.....     6%          3
 Frozen Ramparts          Ice            ###...       6%          3
 Inner Flame              Hex/Fire       ###.....     6%          3
 Ozocubu's Armour         Ice            ###.....     6%          3
 Summon Guardian Golem    Hex/Summ       ###.....     6%          3
 Tukima's Dance           Hex            ###.....     6%          3
 Hailstorm                Conj/Ice       ####....     13%         4
 Summon Forest            Summ/Tloc      #####.....   17%         5
 Ice Form                 Ice/Tmut       ####....     19%         4
 Airstrike                Air            ###.......   22%         4
 Cause Fear               Hex            ###.......   22%         4
 Olgreb's Toxic Radiance  Pois           ###.....     22%         4
 Summon Ice Beast         Ice/Summ       ###.....     22%         4
 Summon Lightning Spire   Summ/Air       ###.....     22%         4
 Dispersal                Tloc           ######....   28%         6
 Simulacrum               Ice/Necr       ######....   34%         6
 Lehudib's Crystal Spear  Conj/Erth      #######...   34%         8
 Fireball                 Conj/Fire      ####......   36%         5
 Lightning Bolt           Conj/Air       ####......   36%         5
 Blade Hands              Tmut           ####......   41%         5
 Alistair's Intoxication  Tmut/Pois      ####.....    47%         5
 Yara's Violent Unravell  Hex/Tmut       ####......   47%         5
 Metabolic Englaciation   Hex/Ice        ###.......   54%         5
 Silence                  Hex/Air        ###.......   54%         5
 Summon Demon             Summ           ###.......   54%         5
 Summon Mana Viper        Hex/Summ       ###.....     54%         5
 Starburst                Conj/Fire      ####......   92%         6
 Freezing Cloud           Conj/Ice/Air   ####......   95%         6
 Eringya's Noxious Bog    Tmut/Pois      ####......   97%         6
 Invisibility             Hex            ###.....     98%         6
 Ozocubu's Refrigeration  Ice            ###.......   98%         6
 Shadow Creatures         Summ           N/A          98%         6
 Malign Gateway           Summ/Tloc      #####.....   99%         7
 Summon Hydra             Summ           ###.......   100%        7
 Chain Lightning          Conj/Air       ####......   100%        8
 Ignition                 Fire           ###.......   100%        8
 Absolute Zero            Ice            ###.......   100%        9
 Fire Storm               Conj/Fire      ####......   100%        9


Dungeon Overview and Level Annotations

Branches:
Dungeon (15/15)            Temple (1/1) D:7            Lair (6/6) D:9
  Swamp (4/4) Lair:2       Spider (4/4) Lair:4        Slime (5/5) Lair:6
    Orc (2/2) D:11            Elf (3/3) Orc:2        Vaults (5/5) D:14
  Crypt (3/3) Vaults:2       Tomb (3/3) Crypt:3      Depths (1/5) D:15
Ossuary (visited)         Volcano (visited)         Gauntlet (visited)

Altars:
Elyvilon
Fedhas
Gozag
Hepliaklqana
Kikubaaqudgha
Makhleb
Nemelex Xobeh
Okawaru
Qazlal
Ru
Trog
Uskayaw
Vehumet
Wu Jian
Xom
Yredelemnul
Zin
The Shining One
Beogh
Jiyva

Shops:
D:11 =   Orc:2 *}(*(   Elf:1 !   Elf:2 *   Vaults:2 ([}   Vaults:3 **((*!

Annotations:
D:8 exclusion: 2 downstairs
Lair:2 donkeybrains's ghost, journeyman MiFi
Lair:4 2 runed translucent doors
Lair:6 exclusion: oklob plant
Swamp:2 1 transporter
Spider:3 1 runed translucent door
Orc:1 exclusion: downstairs
Vaults:4 exclusion: sphinx


Innate Abilities, Weirdness & Mutations

You are resistant to damage.
You can heal yourself by infusing magical energy.
You resist negative energy. (rN+)
You passively map a large area around you.
You do not regenerate.
You are partially covered in slimy green scales. (AC +2)
Your flesh is cold resistant. (rC+)
Your body sometimes deteriorates upon taking damage.
You are frail. (-10% HP)
You are resistant to electric shocks. (rElec)
You are weak. (Str -2)
Your spells are a little easier to cast, but a little less powerful.


Message History

The fireball explodes!
The fireball engulfs you!! You resist.
* * * LOW HITPOINT WARNING * * *
You hear a shout!
You take 40 damage, and have 56/216 hp.
Casting: Shatter (dangerous; 4% risk of failure)
Confirm with . or Enter, or press ? or * to list all spells.
The dungeon rumbles!
The orb of fire is lightly damaged.
Makhleb accepts your kill.
You feel a bit more experienced.
You kill the fire giant!
Makhleb accepts your kill.
You feel better.
You hear a splash.
The orb of fire is lightly damaged.
Makhleb accepts your kill.
You feel better.
You feel a bit more experienced.
The efreet is moderately wounded.
The orb of fire is lightly damaged.
The efreet is severely wounded.
A fire dragon comes into view.
A fire crab comes into view.
The orb of fire glows bright magenta.
The bolt of fire hits the orb of fire.
The orb of fire completely resists.
The bolt of fire hits you!! You resist.
A hell rat scurries out from under your cloak.
An efreet comes into view.
It is wielding a +0 scimitar of flaming.
You regained 10 hp, and now have 66/216 hp.
You now have 39/57 mp.
Evoke which item? (* to show all) (? for menu, Esc to quit)
Okay, then.
Okay, then.
Okay, then.
Evoke which item? (* to show all) (? for menu, Esc to quit)
Press: ? - help, Shift-Dir - straight line, f - orb of fire, p - orb of fire
Aim: an orb of fire (magic immune)
Okay, then.
Evoke which item? (* to show all) (? for menu, Esc to quit)
Clouds of poison gas condense around you!
A fire crab comes into view.
A fire elemental comes into view.
The efreet gestures at you. The bolt of fire misses you.
The orb of fire glows bright magenta.
The bolt of fire misses the orb of fire.
The bolt of fire hits you! You resist.
* * * LOW HITPOINT WARNING * * *
The orb of fire glows red.
Strange energies course through your body.
Your connection to magic feels subdued.
The fire crab is engulfed in poison gas.
The fire crab is poisoned.
The orb of fire glows bright magenta.
The fireball explodes!
The fireball engulfs you!! You resist.
* * * LOW HITPOINT WARNING * * *
A hell rat scurries out from under your cloak.
The efreet moves out of view.
You hear a deafening roar!
An orb of fire comes into view.
You take 38 damage, and have 28/216 hp.
Casting: Shatter (dangerous; 3% risk of failure)
Confirm with . or Enter, or press ? or * to list all spells.
Really attack near your hell rats?
The dungeon rumbles!
You kill your hell rat! x2
The orb of fire is lightly damaged. x2
The efreet is severely wounded.
You kill the efreet!
Makhleb accepts your kill.
The fire dragon is lightly wounded.
You kill the fire crab!
Makhleb accepts your kill.
You feel better.
You feel your strength returning.
The orb of fire is lightly damaged.
You kill the fire crab!
Makhleb accepts your kill.
You feel better.
A fire elemental comes into view.
The orb of fire emits a lurid red light.
The bolt of fire hits the orb of fire.
The orb of fire completely resists.
The bolt of fire hits you but does no damage.
You regained 27 hp, and now have 55/216 hp.
You now have 31/57 mp.
Really read
I - 8 scrolls of blinking {!r}?
You cannot blink because you are wearing the +0 pair of gloves of the Black Moon {-Tele Harm Int+2 Dex+6}.
A fire crab, a fire elemental and an efreet come into view.
The efreet is wielding a +3 scimitar of flaming.
The orb of fire glows deep purple.
The bolt of fire misses you.
The orb of fire glows yellow.
The bolt of fire hits you. You resist.
The orb of fire emits a lurid red light.
The fireball explodes!
The fireball engulfs the orb of fire.
The orb of fire completely resists.
The fireball engulfs you!!! You resist.
* * * LOW HITPOINT WARNING * * *
The fireball engulfs the orb of fire.
The orb of fire completely resists.
The fireball engulfs the orb of fire.
The orb of fire completely resists.
A fire crab comes into view.
A fire elemental comes into view.
The orb of fire glows deep purple.
The fireball explodes!
The fireball engulfs you! You resist.
You die...

▓...........*
▓...........▓
▓▓▓▓▓▓▓▓▓...........▓ **
▓...............§§○.. ,
, ▓..............§§§§t.
,
▓..............R§§§°t,,,
▓............§§*§§RR° ,
▓.......^...^**§*E*DE○,
, ,
▓∩...........@§§§§EE° ,
▓...............§§§§☼ ,
∩ ▓....................,
, ▓....................
,, ▓....................
, ▓....................
,* ▓▓▓▓▓▓▓▓▓...........▓
* * ▓...........▓ * ,


You could see 5 orbs of fire, a fire dragon, 2 fire crabs, 3 efreet and 4 fire
elementals.

Vanquished Creatures
  the Royal Jelly (Slime:5)
  4 ancient liches
  Mennas (Vaults:4)
  Sojobo (Depths:1)
  23 greater mummies
  Frederick (Vaults:5)
  2 Killer Klowns (Zig:11)
  Margery (Depths:1)
  Saint Roka (Vaults:5)
  A golden dragon (Vaults:5)
  Nikola (Elf:2)
  2 bone dragons
  5 liches
  4 iron giants
  Arachne (Spider:3)
  Rupert (Lair:4)
  8 tentacled monstrosities
  5 titans (Vaults:5)
  4 deep elf blademasters
  15 acid blobs
  3 deep elf master archers
  Gastronok (D:9)
  3 ancient champions
  9 sphinxes
  2 storm dragons (Vaults:5)
  7 tengu reavers
  The ghost of Lihy the Peltast, an adept MiFi of the Shining One (Spider:3)
  8 shadow dragons
  A thorn hunter (Swamp:2)
  6 revenants
  Roxanne (Swamp:2)
  Donald (Spider:2)
  13 azure jellies
  2 nagarajas (Zig:16)
  2 iron dragons
  4 frost giants
  2 azure jellies (shapeshifter) (Zig:11)
  4 fire giants
  An angel (Zig:7)
  8 vault wardens
  10 ghost moths
  A juggernaut zombie (Zig:13)
  5 deep elf sorcerers
  A curse skull (Crypt:2)
  12 emperor scorpions
  4 deep elf elementalists (Elf:3)
  4 war gargoyles
  4 ghouls
  A reaper (Zig:13)
  11 very ugly things
  13 ironheart preservers
  19 stone giants
  9 entropy weavers
  A caustic shrike skeleton (Zig:13)
  The ghost of Giarr the Severer, a journeyman DDGl of Makhleb (Lair:4)
  The ghost of Orgheunu the Protected, a journeyman DDFi of Makhleb (Lair:4)
  3 vampire knights
  A juggernaut skeleton (Zig:13)
  5 deep elf demonologists
  21 bennus
  A minotaur (Gauntlet)
  8 deep elf annihilators
  2 spark wasps
  The ghost of Idost the Slinger, a journeyman HaBe of Trog (Lair:4)
  The ghost of Idost the Slinger, a journeyman HaBe of Trog (Lair:4)
  The ghost of Idost the Slinger, a journeyman HaBe of Trog (Lair:4)
  9 ettins
  23 mummy priests
  An eidolon (Zig:8)
  Snorg (Orc:2)
  3 fire dragons
  7 crystal guardians
  5 death oozes
  5 deep elf high priests
  4 deep elf death magi
  3 merfolk javelineers (Zig:16)
  2 blizzard demons (Zig:13)
  5 jiangshi (Crypt:2)
  6 yaktaur captains
  18 hydras
  8 great orbs of eyes
  A rakshasa (Depths:1)
  Erolcha (D:11)
  3 ice dragons
  2 merfolk avatars
  25 vault guards
  A quicksilver dragon skeleton (Crypt:3)
  2 shambling mangroves
  2 death knights (Vaults:2)
  3 centaur warriors
  Erica (D:11)
  4 ghost crabs
  A two-headed ogre (shapeshifter) (Vaults:5)
  An alligator snapping turtle (Zig:16)
  49 dancing weapons
  4 alligators
  3 deep troll shamans (Depths:1)
  53 two-headed ogres
  A queen ant (Spider:4)
  A tengu warrior (D:15)
  16 ogre magi
  3 death yaks (D:9)
  An orc high priest (Zig:2)
  41 death scarabs
  A spriggan berserker (Lair:2)
  4 deep troll earth magi
  2 vampire magi (Crypt:2)
  A titan zombie (Crypt:1)
  17 hell knights
  34 deep elf knights
  2 iron trolls
  Sonja (Lair:5)
  2 storm dragon skeletons
  A sun demon (Volcano)
  A soul eater (Zig:8)
  A shadow wraith (Vaults:4)
  39 skeletal warriors
  A spark wasp zombie (Zig:13)
  2 golden dragon zombies (Zig:13)
  5 fire crabs (Zig:17)
  2 flayed ghosts (Vaults:4)
  5 unseen horrors
  13 deep trolls
  9 swamp dragons
  3 glowing orange brains
  2 spriggan druids
  An anaconda zombie (Tomb:2)
  2 starcursed masses (Zig:7)
  A wizard (D:15)
  3 sea snakes
  An orange crystal statue (Zig:6)
  22 deep elf archers
  9 ironbrand convokers
  2 mana vipers (shapeshifter) (Zig:11)
  7 lindwurms
  8 phantasmal warriors
  12 necromancers
  69 deep elf magi
  12 orc knights
  4 oklob plants (Lair:5)
  18 orb spiders
  2 mana vipers (Zig:16)
  A sphinx zombie (Zig:13)
  5 orc sorcerers
  3 wolf spider zombies
  36 wolf spiders
  An iron dragon zombie (Zig:13)
  27 ugly things
  2 cyclopes
  A shadow dragon skeleton (Tomb:3)
  7 manticores
  9 shining eyes
  A tengu skeleton (Zig:13)
  A stone giant zombie (Depths:1)
  2 frost giant skeletons (Vaults:2)
  7 elephants
  6 molten gargoyles
  9 black mambas
  2 naga magi (D:15)
  2 fire giant skeletons
  6 moths of wrath
  2 stone giant skeletons
  3 ice statues (Zig:6)
  An apocalypse crab (Zig:11)
  13 vault sentinels
  A smoke demon (Zig:7)
  5 gargoyles
  2 water nymphs (shapeshifter)
  6 torpor snails
  2 eyes of devastation
  A centaur skeleton (D:14)
  A kobold demonologist (D:15)
  A dire elephant skeleton (Tomb:1)
  14 komodo dragons
  23 cane toads
  A yaktaur (shapeshifter) (Vaults:2)
  An efreet (Zig:17)
  2 hellions
  10 freezing wraiths
  14 demonic crawlers
  16 yaktaurs
  3 rime drakes
  A tengu conjurer (D:15)
  A ghost moth simulacrum (Tomb:3)
  An anaconda simulacrum (Tomb:2)
  40 guardian mummies
  A merfolk (D:9)
  An ice devil (Zig:13)
  A hydra zombie (Crypt:1)
  3 red devils
  A white draconian skeleton (Tomb:1)
  3 polar bears (Lair:6)
  4 trolls
  15 hornets
  7 tyrant leeches
  31 jumping spiders
  A hydra skeleton (Crypt:1)
  82 slime creatures
  4 bog bodies
  9 dream sheep
  A snapping turtle (Zig:16)
  5 hippogriffs
  9 centaurs
  2 fire giant simulacra
  An ice dragon zombie (Crypt:3)
  A meliai zombie (D:15)
  A dream sheep (shapeshifter) (Vaults:5)
  33 flying skulls
  2 air elementals (Elf:1)
  2 centaur simulacra (D:15)
  2 shadows
  An elf skeleton (Zig:13)
  2 ice dragon skeletons
  A tarantella (shapeshifter) (Elf:3)
  A redback (shapeshifter) (Vaults:5)
  49 redbacks
  5 spriggans
  A spriggan (shapeshifter) (Elf:2)
  28 tarantellas
  2 water elementals (Elf:1)
  Sigmund (D:6)
  18 yaks
  A vampire (D:12)
  3 wraiths
  9 fire elementals
  A fire bat (Volcano)
  An ettin skeleton (Crypt:3)
  Eustachio (D:4)
  16 ushabtiu
  A basilisk (Lair:3)
  4 chaos spawn (Zig:11)
  A neqoxec (Zig:7)
  6 wyverns
  A golden eye (Zig:12)
  A yaktaur simulacrum (Vaults:2)
  3 wargs
  A large abomination (Zig:7)
  15 vampire mosquitoes
  5 swamp worms
  2 acid dragons
  A two-headed ogre zombie (D:11)
  7 soldier ants
  A floating eye (shapeshifter) (Zig:11)
  7 insubstantial wisps (Swamp:2)
  11 porcupines
  14 water moccasins
  10 hell hounds
  21 orc warriors
  A black bear (shapeshifter) (Vaults:1)
  4 sky beasts
  9 swamp drakes
  5 ice beasts
  An ettin simulacrum (Vaults:2)
  3 phantoms
  6 eyes of draining
  3 black bears
  72 ogres
  4 necrophages
  4 wolves (Lair:5)
  A snapping turtle skeleton (Tomb:1)
  A human skeleton (Vaults:2)
  10 crocodiles
  5 bullfrogs
  5 big kobolds
  2 small abominations (Zig:7)
  2 earth elementals (Elf:3)
  A wyvern skeleton (D:13)
  2 hornet simulacra (D:15)
  A water moccasin skeleton (Crypt:1)
  13 scorpions
  27 wights
  An electric eel (Spider:4)
  3 howler monkeys
  5 centaur zombies
  2 lava snakes (Volcano)
  A wolf skeleton (Crypt:2)
  4 jellies
  5 hounds
  2 quasits
  23 orc priests
  5 human zombies
  5 iguanas
  40 orc wizards
  A bullfrog skeleton (Crypt:2)
  25 worker ants
  Terence (D:3)
  A big kobold zombie (Ossuary)
  48 mummies
  A howler monkey skeleton (D:5)
  3 worker ant zombies
  11 gnolls
  5 adders
  2 river rats
  3 scorpion zombies (Ossuary)
  3 shadow imps
  5 white imps
  An ufetubus (D:5)
  An ooze (D:5)
  An adder skeleton (D:4)
  4 worms
  2 dart slugs
  6 leopard geckos
  91 orcs
  2 ball pythons
  6 bats
  10 giant cockroaches
  4 gnoll zombies (Ossuary)
  8 goblins
  7 hobgoblins
  6 jackals (D:4)
  3 frilled lizards
  A goblin zombie (Ossuary)
  A hobgoblin zombie (Ossuary)
  A jackal skeleton (D:4)
  A jackal zombie (D:8)
  28 kobolds
  A kobold zombie (Ossuary)
  2 orc zombies (Ossuary)
  A quokka skeleton (D:6)
  8 rats
  7 crawling corpses (Elf:3)
2300 creatures vanquished.

Vanquished Creatures (collateral kills)
  Mara (Depths:1)
  A lich (Crypt:3)
  10 acid blobs
  A storm dragon (Vaults:5)
  10 azure jellies
  2 emperor scorpions (Spider:4)
  A vault warden (Vaults:3)
  2 deep elf elementalists (Elf:3)
  A very ugly thing (Depths:1)
  3 entropy weavers
  A deep elf demonologist (Elf:3)
  2 bennus (Tomb:2)
  2 deep elf annihilators (Elf:3)
  An eidolon (Crypt:2)
  A death ooze (Slime:5)
  2 mummy priests (Tomb:3)
  2 deep elf death magi (Elf:3)
  A quicksilver dragon zombie (Crypt:3)
  A great orb of eyes (Slime:4)
  A quicksilver dragon skeleton (Crypt:3)
  A hydra (Swamp:2)
  An alligator (Swamp:2)
  A deep troll shaman (Vaults:3)
  A tengu warrior (Depths:1)
  A deep troll earth mage (Vaults:3)
  A small abomination (Elf:3)
  A shadow wraith (Crypt:2)
  4 skeletal warriors
  3 hell knights (Crypt:3)
  2 swamp dragons (Swamp:4)
  An ironbrand convoker (Vaults:1)
  A golden dragon zombie (Crypt:3)
  An anaconda skeleton (Crypt:3)
  A necromancer (Crypt:3)
  5 wolf spiders
  4 ugly things
  5 deep elf magi
  A sphinx skeleton (Depths:1)
  A shining eye (Slime:4)
  Maurice (D:11)
  An iron dragon skeleton (Crypt:2)
  A freezing wraith (Crypt:2)
  A demonic crawler (Spider:4)
  2 yaktaurs (Vaults:3)
  4 guardian mummies (Tomb:3)
  A tyrant leech (Swamp:2)
  A jumping spider (Spider:3)
  2 hornets (Spider:4)
  Grinder (D:5)
  14 slime creatures
  5 flying skulls
  2 water elementals
  2 redbacks (Spider:2)
  An ushabti (Tomb:1)
  5 insubstantial wisps (Swamp:2)
  An orc warrior (Vaults:3)
  A swamp drake (Swamp:4)
  2 necrophages (Crypt:3)
  A hound (D:5)
  A hell rat (D:9)
  3 worker ants (Spider:4)
  4 mummies
  A river rat (D:9)
  An ooze (shapeshifter) (Vaults:5)
  2 orcs
  A quokka (D:9)
  A rat (D:9)
  3 briar patches (Swamp:2)
148 creatures vanquished.

Vanquished Creatures (others)
  2 ghouls (D:1)
  A bennu (Tomb:3)
  A death scarab (Tomb:3)
  A deep elf knight (Elf:2)
  An octopode (D:1)
  A vault sentinel (Vaults:4)
  2 gargoyles (D:1)
  2 vine stalkers (D:1)
  A rime drake (Lair:4)
  3 guardian mummies (Tomb:3)
  2 trolls (D:1)
  2 hornets (Swamp:3)
  A tyrant leech (Swamp:4)
  A slime creature (Swamp:2)
  A formicid (D:1)
  A spriggan (D:1)
  A vampire (D:1)
  A human (D:1)
  A naga (D:1)
  2 mummies (Tomb:3)
  4 orcs
  21 fungi
  45 plants
  7 tentacles (D:1)
105 creatures vanquished.

Grand Total: 2553 creatures vanquished

Notes
Turn   | Place    | Note
-------+----------+-------------------------------------------
     0 | D:1      | Irenicus the Deep Dwarf Earth Elementalist began the quest
                  | for the Orb.
     0 | D:1      | Reached XP level 1. HP: 15/15 MP: 3/3
     2 | D:1      | Noticed a ghoul
     2 | D:1      | Noticed a vampire
     2 | D:1      | Noticed a ghoul
     2 | D:1      | Noticed a gargoyle
     2 | D:1      | Noticed a human
     2 | D:1      | Noticed a gargoyle
     2 | D:1      | Noticed a troll
     2 | D:1      | Noticed a kraken
     2 | D:1      | Noticed a troll
     2 | D:1      | Noticed a vine stalker
     2 | D:1      | Noticed a spriggan
     2 | D:1      | Noticed a formicid
     2 | D:1      | Noticed an octopode
     2 | D:1      | Noticed a vine stalker
     2 | D:1      | Noticed a naga
     2 | D:1      | Killed a vine stalker
     3 | D:1      | Killed a spriggan
     5 | D:1      | Killed a gargoyle
     5 | D:1      | Killed a human
     6 | D:1      | Killed a gargoyle
     6 | D:1      | Killed a naga
     8 | D:1      | Killed a vine stalker
    11 | D:1      | Killed a troll
    12 | D:1      | Killed an octopode
    12 | D:1      | Killed a troll
    14 | D:1      | Killed a formicid
    15 | D:1      | Killed a vampire
    18 | D:1      | Killed a ghoul
    19 | D:1      | Killed a ghoul
    81 | D:1      | Reached XP level 2. HP: 22/22 MP: 0/4
   109 | D:1      | Reached skill level 5 in Earth Magic
   319 | D:1      | Reached XP level 3. HP: 28/28 MP: 1/5
   584 | D:2      | Reached skill level 6 in Earth Magic
   635 | D:2      | Learned a level 2 spell: Passwall
   669 | D:2      | staff of earth at ~650
   718 | D:2      | Reached XP level 4. HP: 32/36 MP: 1/6
   728 | D:2      | first time in 10+ run I get int at lvl 4, it's a sign !
   749 | D:2      | Found a sparkling altar of Nemelex Xobeh.
  1070 | D:3      | Noticed Terence
  1075 | D:3      | Killed Terence
  1075 | D:3      | Reached skill level 7 in Earth Magic
  1145 | D:3      | Reached XP level 5. HP: 37/42 MP: 3/7
  1186 | D:3      | Reached skill level 8 in Earth Magic
  1342 | D:3      | Learned a level 3 spell: Stone Arrow
  1501 | D:4      | Reached skill level 9 in Earth Magic
  1501 | D:4      | Reached XP level 6. HP: 23/49 MP: 3/8
  1503 | D:4      | Reached skill level 1 in Shields
  1554 | D:4      | Reached skill level 1 in Evocations
  1684 | D:4      | Reached skill level 2 in Shields
  1764 | D:4      | Reached skill level 2 in Evocations
  1768 | D:4      | HP: 8/49 [orc priest/divine providence (12)]
  1772 | D:4      | Reached skill level 3 in Shields
  1772 | D:4      | Reached skill level 3 in Evocations
  1773 | D:4      | Reached XP level 7. HP: 25/55 MP: 0/9
  1849 | D:4      | D:4, almost died with wide space and several priests
  1858 | D:4      | Found an ancient bone altar of Kikubaaqudgha.
  1859 | D:4      | Noticed Eustachio
  1863 | D:4      | Killed Eustachio
  1863 | D:4      | Reached skill level 4 in Shields
  1863 | D:4      | Reached skill level 4 in Evocations
  1903 | D:5      | Entered Level 5 of the Dungeon
  1958 | D:5      | Found a sand-covered staircase.
  1962 | D:5      | Reached skill level 5 in Evocations
  1969 | Ossuary  | Entered an ossuary
  1997 | Ossuary  | Reached skill level 6 in Evocations
  2024 | Ossuary  | Reached skill level 7 in Evocations
  2042 | Ossuary  | Reached skill level 2 in Spellcasting
  2042 | Ossuary  | Reached XP level 8. HP: 28/62 MP: 0/11
  2049 | Ossuary  | Learned a level 5 spell: Lee's Rapid Deconstruction
  2159 | Ossuary  | HP: 15/62 [scorpion (7)]
  2164 | Ossuary  | Reached skill level 10 in Earth Magic
  2333 | D:5      | Reached skill level 11 in Earth Magic
  2343 | D:5      | Found a glowing silver altar of Zin.
  2437 | D:5      | Noticed Grinder
  2444 | D:5      | Killed Grinder
  2444 | D:5      | Reached skill level 8 in Evocations
  2449 | D:5      | Killed a centaur
  2449 | D:5      | Reached skill level 9 in Evocations
  2525 | D:5      | Gained mutation: You passively map the area around you.
                  | [Deep Dwarf growth]
  2525 | D:5      | Reached XP level 9. HP: 24/68 MP: 5/12
  2537 | D:5      | Reached skill level 10 in Evocations
  2563 | D:5      | Found an ornate altar of the Wu Jian Council.
  2632 | D:6      | HP: 10/68 [iguana (11)]
  2717 | D:6      | Reached skill level 11 in Evocations
  2752 | D:6      | Noticed Sigmund
  2787 | D:6      | Found a glowing golden altar of the Shining One.
  2872 | D:6      | Found a shimmering altar of Xom.
  2943 | D:6      | Found a bloodstained altar of Trog.
  2992 | D:6      | Killed Sigmund
  2992 | D:6      | Reached skill level 12 in Evocations
  3016 | D:7      | Found a staircase to the Ecumenical Temple.
  3023 | Temple   | Entered the Ecumenical Temple
  3044 | Temple   | Became a worshipper of Makhleb the Destroyer
  3223 | D:7      | Reached skill level 12 in Earth Magic
  3325 | D:7      | HP: 16/68 [something (3)]
  3334 | D:7      | Killed an unseen horror
  3334 | D:7      | Reached skill level 3 in Spellcasting
  3334 | D:7      | Reached XP level 10. HP: 34/75 MP: 0/15
  3670 | D:8      | Reached * piety under Makhleb
  3772 | D:8      | Reached skill level 4 in Spellcasting
  3811 | D:8      | Reached skill level 13 in Earth Magic
  3880 | D:9      | Noticed a death yak
  3880 | D:9      | Noticed a death yak
  3880 | D:9      | Noticed a death yak
  4020 | D:9      | Found a staircase to the Lair.
  4080 | D:9      | HP: 13/75 [death yak (12)]
  4081 | D:9      | Killed a death yak
  4081 | D:9      | Reached skill level 5 in Spellcasting
  4162 | D:9      | Found a blossoming altar of Fedhas.
  4239 | D:9      | Noticed Gastronok
  4263 | D:9      | Killed Gastronok
  4263 | D:9      | Reached skill level 6 in Spellcasting
  4263 | D:9      | Reached skill level 14 in Earth Magic
  4263 | D:9      | Reached XP level 11. HP: 68/81 MP: 0/20
  4281 | D:9      | Found a hazy altar of Hepliaklqana.
  4306 | D:9      | Noticed a two-headed ogre
  4310 | D:9      | Killed a two-headed ogre
  4367 | D:9      | Killed a death yak
  4367 | D:9      | Reached ** piety under Makhleb
  4390 | D:10     | Entered Level 10 of the Dungeon
  4393 | D:10     | Reached skill level 15 in Earth Magic
  4418 | D:10     | Reached skill level 7 in Spellcasting
  4689 | D:10     | Noticed a two-headed ogre
  4694 | D:10     | Killed a two-headed ogre
  4694 | D:10     | Reached skill level 3 in Stealth
  4898 | D:10     | Found an iron altar of Okawaru.
  4944 | D:9      | Killed a death yak
  4944 | D:9      | Reached skill level 4 in Stealth
  4944 | D:9      | Reached skill level 8 in Spellcasting
  5076 | D:11     | Reached skill level 5 in Stealth
  5081 | D:11     | Reached *** piety under Makhleb
  5109 | D:11     | Got a faintly glowing rapier
  5109 | D:11     | Identified the +2 rapier of Ash {vorpal, Str+3} (You found
                  | it on level 11 of the Dungeon)
  5140 | D:11     | Found Gitoabootu's Jewellery Emporium.
  5140 | D:11     | Noticed Maurice
  5156 | D:11     | Killed Maurice
  5176 | D:11     | Reached skill level 6 in Stealth
  5177 | D:11     | Bought an uncursed amulet of magic regeneration for 450
                  | gold pieces
  5183 | D:11     | Noticed a skeletal warrior
  5310 | D:11     | You fall into a shaft and drop 1 floor!
  5359 | D:12     | Identified a scroll of acquirement
  5359 | D:12     | Acquired the +9 staff of Wucad Mu {channel}
  5360 | D:12     | Found the +9 staff of Wucad Mu {channel}
  5465 | D:12     | Noticed a brown ugly thing
  5475 | D:12     | Killed a brown ugly thing
  5475 | D:12     | Reached skill level 7 in Stealth
  5524 | D:11     | Reached skill level 9 in Spellcasting
  5552 | D:11     | Reached XP level 12. HP: 88/88 MP: 0/25
  5575 | D:11     | Noticed a two-headed ogre
  5575 | D:11     | Noticed a two-headed ogre
  5575 | D:11     | Noticed a two-headed ogre
  5586 | D:11     | Killed a two-headed ogre
  5591 | D:11     | Killed a two-headed ogre
  5592 | D:11     | Reached **** piety under Makhleb
  5596 | D:11     | Killed a two-headed ogre
  5596 | D:11     | Reached skill level 10 in Spellcasting
  5703 | Lair:1   | Entered Level 1 of the Lair of Beasts
  6079 | Lair:2   | Noticed donkeybrains's ghost (journeyman MiFi)
  6081 | Lair:2   | Identified the +11 morningstar "Ciujuax" {vamp, rF+ MR+}
  6082 | Lair:2   | Found a bloodstained altar of Trog.
  6082 | Lair:2   | Identified the +7 trident of Ahawniro {flame, *Corrode
                  | rElec rF+ Str+6}
  6103 | Lair:2   | Found a transporter.
  6105 | Lair:2   | Found a transporter.
  6112 | Lair:2   | Found a radiant altar of Vehumet.
  6145 | Lair:2   | Found a staircase to the Swamp.
  6300 | Lair:2   | Noticed a seven-headed hydra
  6306 | Lair:2   | Killed a seven-headed hydra
  6372 | Lair:2   | Noticed a four-headed hydra
  6381 | Lair:2   | Killed a four-headed hydra
  6381 | Lair:2   | Reached skill level 16 in Earth Magic
  6381 | Lair:2   | Reached skill level 13 in Evocations
  6592 | Lair:4   | Found a runed translucent gate.
  6592 | Lair:4   | Found a runed translucent gate.
  6592 | Lair:4   | Found a runed translucent gate.
  6599 | Lair:4   | Noticed Orgheunu's ghost (journeyman DDFi)
  6599 | Lair:4   | Noticed Idost's ghost (journeyman HaBe)
  6599 | Lair:4   | Noticed Idost's ghost (journeyman HaBe)
  6599 | Lair:4   | Noticed Idost's ghost (journeyman HaBe)
  6600 | Lair:4   | Noticed Giarr's ghost (journeyman DDGl)
  6702 | Lair:3   | Reached skill level 14 in Evocations
  6708 | Lair:3   | Reached XP level 13. HP: 94/94 MP: 8/27
  6818 | Lair:4   | Found a hole to the Spider Nest.
  6818 | Lair:4   | Noticed Rupert
  6874 | Lair:4   | Killed Rupert
  6874 | Lair:4   | Reached skill level 17 in Earth Magic
  6886 | Lair:4   | HP: 18/94 [komodo dragon (14)]
  7087 | Lair:5   | Reached ***** piety under Makhleb
  7087 | Lair:5   | Reached skill level 3 in Dodging
  7191 | Lair:5   | Reached skill level 15 in Evocations
  7198 | Lair:5   | Noticed Sonja
  7200 | Lair:5   | Killed Sonja
  7200 | Lair:5   | Reached skill level 4 in Dodging
  7394 | Lair:5   | Reached skill level 5 in Dodging
  7509 | Lair:6   | Entered Level 6 of the Lair of Beasts
  7522 | Lair:5   | Reached skill level 6 in Dodging
  7594 | Lair:6   | Reached skill level 16 in Evocations
  7616 | Lair:6   | Reached skill level 7 in Dodging
  7659 | Lair:6   | Found a dark tunnel.
  7670 | Volcano  | Entered a volcano
  7758 | Volcano  | Found a bloodstained altar of Trog.
  7873 | Volcano  | Learned a level 4 spell: Petrify
  8000 | Lair:6   | Reached skill level 8 in Dodging
  8046 | Lair:6   | Gained mutation: You resist negative energy. (rN+) [Deep
                  | Dwarf growth]
  8046 | Lair:6   | Reached XP level 14. HP: 102/102 MP: 17/28
  8272 | Lair:6   | Found a staircase to the Slime Pits.
  8272 | Lair:6   | Found a viscous altar of Jiyva.
  8321 | Lair:6   | Reached skill level 1 in Conjurations
  8327 | Lair:6   | Reached ****** piety under Makhleb
  8419 | Lair:6   | Reached skill level 17 in Evocations
  8482 | Lair:6   | Reached skill level 2 in Conjurations
  8492 | Lair:6   | Reached skill level 9 in Dodging
  8766 | Lair:2   | Reached skill level 1 in Armour
  8786 | Lair:2   | HP: 10/102 [spriggan rider/the +7 trident of Ahawniro
                  | {flame, *Corrode rElec rF+ Str+6} (25)]
  8824 | Lair:2   | Learned a level 1 spell: Apportation
  9014 | D:11     | Reached skill level 2 in Armour
  9069 | D:11     | Reached skill level 3 in Armour
  9128 | D:11     | Reached skill level 4 in Armour
  9225 | D:11     | Found a staircase to the Orcish Mines.
  9283 | Orc:1    | Entered Level 1 of the Orcish Mines
  9299 | Orc:1    | Reached skill level 5 in Armour
  9407 | Orc:2    | Entered Level 2 of the Orcish Mines
  9413 | Orc:2    | Reached skill level 1 in Translocations
  9421 | Orc:2    | Found a roughly hewn altar of Beogh.
  9458 | Orc:2    | Found a staircase to the Elven Halls.
  9544 | Orc:2    | Reached skill level 2 in Translocations
  9576 | Orc:1    | Reached skill level 3 in Translocations
  9582 | Orc:1    | Reached skill level 4 in Translocations
  9746 | Orc:2    | Found Epseqess's Assorted Antiques.
  9754 | Orc:2    | Bought a wand of disintegration (12) for 100 gold pieces
  9754 | Orc:2    | Bought a shiny onyx ring for 125 gold pieces
  9785 | Orc:2    | Noticed Snorg
  9793 | Orc:2    | Killed Snorg
  9798 | Orc:2    | Reached skill level 5 in Translocations
  9821 | Orc:2    | Reached skill level 6 in Translocations
  9863 | Orc:2    | Reached skill level 6 in Armour
  9881 | Orc:2    | Reached skill level 10 in Dodging
  9893 | Orc:2    | Reached XP level 15. HP: 108/108 MP: 5/29
  9920 | Orc:2    | Found Gaefuer's Antique Weapon Emporium.
  9920 | Orc:2    | Found Esen's Weapon Boutique.
  9921 | Orc:2    | Found Reogy's Assorted Antiques.
  9921 | Orc:2    | Found Paotsar's Gadget Shoppe.
  9930 | Orc:2    | Bought a lightning rod (4/4) for 480 gold pieces
  9930 | Orc:2    | Bought a condenser vane (2/2) for 240 gold pieces
  9930 | Orc:2    | Bought a tin of tremorstones (3/3) for 480 gold pieces
  9934 | Orc:2    | Bought a potion of brilliance for 136 gold pieces
  9949 | Orc:2    | Reached skill level 7 in Armour
  9976 | Elf:1    | Entered Level 1 of the Elven Halls
  9988 | Elf:1    | Reached skill level 1 in Fighting
 10124 | D:11     | Noticed Erica
 10129 | D:11     | Killed Erica
 10166 | D:11     | Reached skill level 2 in Fighting
 10172 | D:11     | Reached skill level 11 in Dodging
 10225 | D:11     | Acquired 795 gold pieces
 10227 | D:11     | Acquired a book of the Earth
 10303 | D:11     | Noticed Erolcha
 10315 | D:11     | Killed Erolcha
 10330 | D:11     | Got a transparent short sword
 10331 | D:11     | Identified the +9 short sword of Greatest Utility {vorpal,
                  | rElec rPois Str-5 Dex+6} (You found it on level 11 of the
                  | Dungeon)
 10602 | D:12     | Reached skill level 18 in Earth Magic
 11199 | D:14     | Reached skill level 11 in Spellcasting
 11231 | D:14     | Found a gate to the Vaults.
 11245 | D:14     | Found a gate leading to a gauntlet.
 11254 | Gauntlet | Entered a Gauntlet
 11254 | Gauntlet | Found a transporter.
 11257 | Gauntlet | Found a transporter.
 11259 | Gauntlet | Found a transporter.
 11262 | Gauntlet | Found a transporter.
 11262 | Gauntlet | Found a transporter.
 11263 | Gauntlet | Found a transporter.
 11268 | Gauntlet | Identified the amulet of Mophosi {Reflect Int+5 SH+5}
 11278 | Gauntlet | Found a transporter.
 11294 | Gauntlet | Found a transporter.
 11344 | Gauntlet | Found a transporter.
 11357 | Gauntlet | Found a transporter.
 11359 | Gauntlet | Found a transporter.
 11373 | Gauntlet | Found a transporter.
 11442 | Gauntlet | Identified the +0 pair of gloves of the Black Moon {-Tele
                  | Harm Int+2 Dex+6} (You found it in a Gauntlet)
 11478 | Gauntlet | Identified the cursed -6 pair of gloves "Mossamit" {*Drain
                  | Str+6 Int+5} (You found it in a Gauntlet)
 11614 | D:14     | Found a shimmering altar of Xom.
 11814 | D:15     | Entered Level 15 of the Dungeon
 11880 | D:15     | Reached skill level 19 in Earth Magic
 11894 | D:15     | Learned a level 9 spell: Shatter
 12085 | D:15     | Found a staircase to the Depths.
 12540 | Elf:1    | Reached XP level 16. HP: 121/121 MP: 31/31
 12629 | Elf:1    | Reached skill level 12 in Spellcasting
 12814 | Elf:1    | Found Weyl Elifat's Distillery.
 12818 | Elf:1    | Bought a potion of brilliance for 64 gold pieces
 12818 | Elf:1    | Bought a potion of haste for 160 gold pieces
 12944 | Elf:2    | Reached skill level 20 in Earth Magic
 13118 | Elf:2    | Found Hutodeo's General Store.
 13140 | Elf:2    | Found a runed translucent gate.
 13141 | Elf:2    | Found a runed translucent gate.
 13143 | Elf:2    | Found a runed translucent gate.
 13325 | Elf:2    | Reached skill level 21 in Earth Magic
 13471 | Elf:3    | Entered Level 3 of the Elven Halls
 13519 | Elf:3    | Reached skill level 22 in Earth Magic
 13529 | Elf:3    | Noticed a deep elf master archer
 13531 | Elf:3    | Killed a deep elf master archer
 13531 | Elf:3    | Reached XP level 17. HP: 126/127 MP: 2/33
 13533 | Elf:3    | Noticed a deep elf blademaster
 13541 | Elf:3    | Killed a deep elf blademaster
 13546 | Elf:3    | Killed a ghostly deep elf blademaster
 13560 | Elf:3    | Noticed a deep elf blademaster
 13565 | Elf:3    | Killed a deep elf blademaster
 13565 | Elf:3    | Reached skill level 23 in Earth Magic
 13586 | Elf:3    | Noticed a deep elf master archer
 13595 | Elf:3    | Killed a deep elf master archer
 13612 | Elf:3    | Found the +8 lance "Wyrmbane" {slay drac, rPois rF+ rC+
                  | AC+3}
 13643 | Elf:3    | Identified the Catalogue of Quantum Heat
 13646 | Elf:3    | Identified the Volume of Creation and the Arsonist
 13650 | Elf:3    | Identified the cursed +1 plate armour of Disguise {rPois
                  | rF+} (You found it on level 3 of the Elven Halls)
 13651 | Elf:3    | Identified a +2 pair of boots of running (You found it on
                  | level 3 of the Elven Halls)
 13668 | Elf:3    | Identified the Catalogue of Creative Transmutation
 13675 | Elf:3    | Identified the cursed +0 ring mail of Zin's Outrage {Harm
                  | MR+ Str+4 Slay-4} (You found it on level 3 of the Elven
                  | Halls)
 13684 | Elf:3    | Found the +2 ratskin cloak {*Rats rPois rN+ Str-1 Int-1
                  | Dex+1}
 13759 | Elf:3    | Learned a level 5 spell: Borgnjor's Vile Clutch
 13760 | Elf:3    | Identified the +2 leather armour "Welol" {+Blink Str+2
                  | Int+3}
 14004 | Elf:3    | Reached skill level 24 in Earth Magic
 14007 | Elf:3    | Reached skill level 1 in Necromancy
 14219 | Elf:2    | Reached skill level 2 in Necromancy
 14225 | Elf:2    | Reached skill level 3 in Necromancy
 14305 | Elf:2    | Noticed Nikola
 14317 | Elf:2    | Killed Nikola
 14786 | Swamp:1  | Entered Level 1 of the Swamp
 14795 | Swamp:1  | Identified the +0 pair of gloves of Gelell {rElec rC+} (You
                  | found it on level 1 of the Swamp)
 14814 | Swamp:1  | Learned a level 4 spell: Passage of Golubria
 14826 | Swamp:1  | Reached skill level 25 in Earth Magic
 14897 | Swamp:2  | Found a transporter.
 14897 | Swamp:2  | Noticed a tentacled monstrosity
 14909 | Swamp:2  | Killed a tentacled monstrosity
 14909 | Swamp:2  | Gained mutation: You passively map a large area around you.
                  | [Deep Dwarf growth]
 14909 | Swamp:2  | Reached XP level 18. HP: 134/134 MP: 10/34
 14934 | Swamp:2  | Found a transporter.
 14964 | Swamp:2  | Identified Roxanne's Papyrus of Clay
 14964 | Swamp:2  | Noticed Roxanne
 14976 | Swamp:2  | Killed Roxanne
 15046 | Swamp:2  | HP: 32/134 [spectral seven-headed hydra[a ghost crab] (14)]
 15187 | Swamp:4  | Entered Level 4 of the Swamp
 15226 | Swamp:4  | Reached skill level 26 in Earth Magic
 15415 | Swamp:4  | Got a decaying rune of Zot
 15561 | Spider:1 | Entered Level 1 of the Spider Nest
 15759 | Spider:1 | Reached skill level 27 in Earth Magic
 15860 | Spider:2 | Noticed Donald
 15862 | Spider:2 | Killed Donald
 15862 | Spider:2 | Reached skill level 4 in Necromancy
 15867 | Spider:2 | Reached skill level 5 in Necromancy
 15890 | Spider:2 | Reached skill level 12 in Dodging
 15919 | Spider:2 | Reached skill level 6 in Necromancy
 16001 | Spider:3 | Found a runed translucent gate.
 16001 | Spider:3 | Found a runed translucent gate.
 16001 | Spider:3 | Found a runed translucent gate.
 16011 | Spider:3 | Reached XP level 19. HP: 140/140 MP: 11/35
 16048 | Spider:3 | Reached skill level 7 in Necromancy
 16064 | Spider:3 | Noticed Lihy's ghost (adept MiFi)
 16082 | Spider:3 | Killed Lihy's ghost
 16095 | Spider:3 | Identified the ring "Moiseywk" {rF+ rN+ rCorr Str+4} (You
                  | found it on level 3 of the Spider Nest)
 16114 | Spider:3 | Noticed Arachne
 16128 | Spider:3 | Killed Arachne
 16128 | Spider:3 | Reached skill level 13 in Dodging
 16206 | Spider:4 | Entered Level 4 of the Spider Nest
 16229 | Spider:4 | Reached skill level 8 in Necromancy
 16377 | Spider:4 | Reached skill level 9 in Necromancy
 16427 | Spider:4 | Got a gossamer rune of Zot
 16454 | Spider:4 | Reached skill level 14 in Dodging
 16752 | Slime:1  | Entered Level 1 of the Pits of Slime
 16777 | Slime:1  | Reached skill level 10 in Necromancy
 16864 | Slime:2  | Gained mutation: Armour fits poorly on your strangely
                  | shaped body. [a shining eye]
 16865 | Slime:2  | Gained mutation: You possess an exceptional clarity of
                  | mind. [a shining eye]
 17024 | Slime:3  | Lost mutation: You possess an exceptional clarity of mind.
                  | [a shining eye]
 17086 | Slime:3  | Gained mutation: You are clumsy. (Dex -2) [a shining eye]
 17090 | Slime:2  | Reached skill level 11 in Necromancy
 17098 | Slime:2  | Learned a level 3 spell: Vampiric Draining
 17160 | Slime:3  | Gained mutation: You occasionally shout uncontrollably at
                  | your foes. [a shining eye]
 17169 | Slime:3  | Reached skill level 15 in Dodging
 17275 | Slime:4  | Gained mutation: Your magical capacity is low. (-10% MP) [a
                  | shining eye]
 17282 | Slime:4  | Gained mutation: You are partially covered in slimy green
                  | scales. (AC +2) [a shining eye]
 17286 | Slime:4  | Gained mutation: Scrolls take you a little longer to read.
                  | [a shining eye]
 17289 | Slime:4  | Gained mutation: You are dopey. (Int -2) [a shining eye]
 17423 | Slime:5  | Entered Level 5 of the Pits of Slime
 17428 | Slime:5  | Acquired 408 gold pieces
 17443 | Slime:5  | Noticed the Royal Jelly
 17449 | Slime:5  | Reached XP level 20. HP: 134/147 MP: 14/32
 17453 | Slime:5  | Reached skill level 16 in Dodging
 17455 | Slime:5  | Killed the Royal Jelly
 17514 | Slime:5  | Reached skill level 17 in Dodging
 17519 | Slime:5  | HP: 33/147 [acid[the Royal Jelly] (5)]
 17525 | Slime:5  | HP: 31/147 [shot self (10)]
 17529 | Slime:5  | Gained mutation: You are frail. (-10% HP) [a shining eye]
 17530 | Slime:5  | HP: 20/132 [acid blob/splash of acid[the Royal Jelly] (3)]
 17530 | Slime:5  | Gained mutation: Scrolls take you longer to read. [a
                  | shining eye]
 17533 | Slime:5  | Gained mutation: You are very dopey. (Int -4) [a shining
                  | eye]
 17534 | Slime:5  | Gained mutation: Your magical capacity is very low. (-20%
                  | MP) [a shining eye]
 17536 | Slime:5  | HP: 32/132 [acid (3)]
 17606 | Slime:5  | Lost mutation: You are very dopey. (Int -4) [potion of
                  | mutation]
 17606 | Slime:5  | Lost mutation: You are frail. (-10% HP) [potion of
                  | mutation]
 17606 | Slime:5  | Lost mutation: You are clumsy. (Dex -2) [potion of
                  | mutation]
 17606 | Slime:5  | Gained mutation: You are robust. (+10% HP) [potion of
                  | mutation]
 17636 | Slime:5  | Got a slimy rune of Zot
 17654 | Slime:5  | Identified the ring "Boef" {Ice rN++} (You found it on
                  | level 5 of the Pits of Slime)
 17656 | Slime:5  | Identified the +1 ring mail "Bavu" {Str+4 Dex+2} (You found
                  | it on level 5 of the Pits of Slime)
 17665 | Slime:5  | Identified the Almanac of Captivating Black Rituals
 17808 | Lair:4   | Killed Idost's ghost
 17831 | Lair:4   | Killed Idost's ghost
 17840 | Lair:4   | Killed Orgheunu's ghost
 17846 | Lair:4   | Killed Idost's ghost
 17855 | Lair:4   | Killed Giarr's ghost
 17945 | D:9      | Lost mutation: You are dopey. (Int -2) [potion of mutation]
 17945 | D:9      | Lost mutation: You are robust. (+10% HP) [potion of
                  | mutation]
 17945 | D:9      | Lost mutation: Your magical capacity is very low. (-20% MP)
                  | [potion of mutation]
 17945 | D:9      | Lost mutation: Scrolls take you longer to read. [potion of
                  | mutation]
 17945 | D:9      | Gained mutation: You evolve. [potion of mutation]
 18066 | Vaults:1 | Entered Level 1 of the Vaults
 18110 | Vaults:1 | Reached skill level 18 in Dodging
 18205 | Vaults:2 | HP: 34/147 [enormous slime creature (76)]
 18212 | Vaults:2 | HP: 33/147 [two-headed ogre/+0 giant club (1)]
 18296 | Vaults:2 | Reached skill level 13 in Spellcasting
 18356 | Vaults:2 | Found Weck's Antique Weapon Shoppe.
 18619 | Vaults:3 | Found Junoxist's Assorted Antiques.
 18624 | Vaults:3 | Found Geawutz's Assorted Antiques.
 18628 | Vaults:3 | Bought a wand of acid (5) for 288 gold pieces
 18694 | Vaults:2 | Found Kewe's Armour Emporium.
 18702 | Vaults:2 | Bought a +2 tower shield of reflection for 203 gold pieces
 18832 | Vaults:3 | Reached XP level 21. HP: 154/154 MP: 19/35
 18834 | Vaults:3 | Reached skill level 14 in Spellcasting
 18864 | Vaults:3 | Found Kuxoikli's Antique Weapon Emporium.
 18896 | Vaults:3 | Found Qoetseocw's Distillery.
 18898 | Vaults:3 | Found Vavodeung's Weapon Boutique.
 18900 | Vaults:3 | Found Noteor's Assorted Antiques.
 18967 | Vaults:3 | Bought 2 scrolls labeled SIMUSHR IVOITI for 40 gold pieces
 18967 | Vaults:3 | Bought a scroll of teleportation for 60 gold pieces
 18967 | Vaults:3 | Bought a scroll of identify for 40 gold pieces
 18967 | Vaults:3 | Bought a wand of enslavement (8) for 40 gold pieces
 18967 | Vaults:3 | Bought a potion of haste for 200 gold pieces
 18967 | Vaults:3 | Bought a potion of haste for 200 gold pieces
 18988 | Vaults:3 | Bought a potion of heal wounds for 55 gold pieces
 18988 | Vaults:3 | Bought a potion of mutation for 88 gold pieces
 18988 | Vaults:3 | Bought a potion of heal wounds for 55 gold pieces
 18988 | Vaults:3 | Bought a potion of mutation for 88 gold pieces
 19070 | Vaults:4 | Noticed Mennas
 19077 | Vaults:4 | Reached skill level 15 in Spellcasting
 19078 | Vaults:4 | Killed Mennas
 19280 | Vaults:5 | Entered Level 5 of the Vaults
 19283 | Vaults:5 | Noticed a golden dragon
 19284 | Vaults:5 | Reached skill level 16 in Spellcasting
 19296 | Vaults:5 | Killed a golden dragon
 19297 | Vaults:5 | Noticed Frederick
 19298 | Vaults:5 | Noticed an ancient lich
 19304 | Vaults:5 | Noticed Saint Roka
 19305 | Vaults:5 | Reached skill level 17 in Spellcasting
 19305 | Vaults:5 | Reached XP level 22. HP: 162/162 MP: 16/38
 19307 | Vaults:5 | Killed Frederick
 19313 | Vaults:5 | Killed an ancient lich
 19314 | Vaults:5 | Reached skill level 18 in Spellcasting
 19318 | Vaults:5 | Killed Saint Roka
 19540 | Vaults:5 | Got a silver rune of Zot
 19637 | Vaults:5 | Identified the ring "Horamecw" {*Drain +Blink rC+ MR+
                  | rCorr} (You found it on level 5 of the Vaults)
 19700 | Vaults:5 | Identified the Guide on Battle Magic and the Birds
 19736 | Vaults:5 | Reached skill level 3 in Fighting
 19789 | Vaults:5 | Reached skill level 4 in Fighting
 19829 | Vaults:5 | Identified the amulet "Qooret" {Acrobat Str+5 Int+3} (You
                  | found it on level 5 of the Vaults)
 19964 | Vaults:3 | Reached skill level 5 in Shields
 19968 | Vaults:3 | Reached skill level 5 in Fighting
 20061 | Vaults:2 | Found Hoypucul's Gadget Emporium.
 20096 | Vaults:2 | Found a staircase to the Crypt.
 20100 | Crypt:1  | Entered Level 1 of the Crypt
 20101 | Crypt:1  | Reached skill level 6 in Fighting
 20101 | Crypt:1  | Reached skill level 6 in Shields
 20138 | Crypt:2  | HP: 44/178 [jiangshi[a vampire mage] (19)]
 20139 | Crypt:2  | Reached skill level 7 in Fighting
 20139 | Crypt:2  | Reached XP level 23. HP: 49/187 MP: 6/41
 20161 | Crypt:2  | Reached skill level 8 in Fighting
 20219 | Crypt:3  | Entered Level 3 of the Crypt
 20225 | Crypt:3  | Reached skill level 9 in Fighting
 20264 | Crypt:3  | Reached skill level 10 in Fighting
 20360 | Crypt:3  | Reached skill level 11 in Fighting
 20476 | Crypt:3  | Noticed an ancient lich
 20477 | Crypt:3  | Reached skill level 12 in Fighting
 20484 | Crypt:3  | Killed an ancient lich
 20484 | Crypt:3  | Reached skill level 13 in Fighting
 20540 | Crypt:3  | Found a staircase to the Tomb.
 20567 | Crypt:3  | Found a basalt altar of Yredelemnul.
 20595 | Crypt:3  | Identified the amulet "Vekhedou" {rF+ rC- Regen+ Str+4
                  | Dex+4} (You found it on level 3 of the Crypt)
 20597 | Crypt:3  | Identified the amulet "Tots" {+Fly rPois rC- Regen+ Stlth+}
                  | (You found it on level 3 of the Crypt)
 20599 | Crypt:3  | Identified the ring "Bivithal" {rPois rN+ Int-4 Dex+9
                  | Slay+3} (You found it on level 3 of the Crypt)
 20601 | Crypt:3  | Identified the ring "Ysuat" {*Slow rC+ rN+ MR+ Str+4} (You
                  | found it on level 3 of the Crypt)
 20601 | Crypt:3  | Got a shimmering amber ring
 20610 | Crypt:3  | Identified the ring of Tuatwox {*Tele rN+ Str+3 Int+4} (You
                  | found it on level 3 of the Crypt)
 20623 | Crypt:3  | Learned a level 6 spell: Statue Form
 20624 | Tomb:1   | Entered Level 1 of the Tomb of the Ancients
 20692 | Tomb:1   | Reached skill level 19 in Spellcasting
 20770 | Tomb:1   | Noticed a greater mummy
 20785 | Tomb:1   | Killed a greater mummy
 20819 | Tomb:1   | Noticed a greater mummy
 20840 | Tomb:1   | Killed a greater mummy
 20878 | Tomb:1   | Noticed a greater mummy
 20882 | Tomb:1   | Noticed a greater mummy
 20884 | Tomb:1   | Noticed a greater mummy
 20885 | Tomb:1   | Killed a greater mummy
 20885 | Tomb:1   | Noticed a greater mummy
 20886 | Tomb:1   | Noticed a greater mummy
 20886 | Tomb:1   | Noticed a greater mummy
 20887 | Tomb:1   | Killed a greater mummy
 20889 | Tomb:1   | Killed a greater mummy
 20890 | Tomb:1   | Killed a greater mummy
 20890 | Tomb:1   | Reached skill level 20 in Spellcasting
 20890 | Tomb:1   | Killed a greater mummy
 20892 | Tomb:1   | Killed a greater mummy
 20894 | Tomb:1   | Noticed a greater mummy
 20899 | Tomb:1   | Noticed a greater mummy
 20899 | Tomb:1   | Killed a greater mummy
 20899 | Tomb:1   | Reached XP level 24. HP: 187/218 MP: 7/42
 20907 | Tomb:1   | Killed a greater mummy
 21005 | Tomb:2   | Noticed a greater mummy
 21005 | Tomb:2   | Noticed a greater mummy
 21008 | Tomb:2   | Noticed a greater mummy
 21012 | Tomb:2   | Noticed a greater mummy
 21016 | Tomb:2   | Killed a greater mummy
 21017 | Tomb:2   | Killed a greater mummy
 21017 | Tomb:2   | Killed a greater mummy
 21018 | Tomb:2   | Killed a greater mummy
 21028 | Tomb:2   | Reached skill level 21 in Spellcasting
 21270 | Tomb:2   | Gained mutation: You can translocate small distances at
                  | will. [evolution]
 21294 | Tomb:3   | Entered Level 3 of the Tomb of the Ancients
 21303 | Tomb:3   | Reached skill level 7 in Shields
 21305 | Tomb:3   | Reached skill level 8 in Shields
 21306 | Tomb:3   | Noticed a greater mummy
 21307 | Tomb:3   | Noticed a greater mummy
 21307 | Tomb:3   | Noticed an ancient lich
 21308 | Tomb:3   | Reached skill level 9 in Shields
 21308 | Tomb:3   | Noticed a greater mummy
 21309 | Tomb:3   | Noticed a greater mummy
 21316 | Tomb:3   | Reached skill level 10 in Shields
 21316 | Tomb:3   | Killed a greater mummy
 21316 | Tomb:3   | Killed a greater mummy
 21316 | Tomb:3   | Reached skill level 11 in Shields
 21317 | Tomb:3   | Killed an ancient lich
 21317 | Tomb:3   | Noticed a greater mummy
 21318 | Tomb:3   | Killed a greater mummy
 21318 | Tomb:3   | Reached skill level 12 in Shields
 21318 | Tomb:3   | Reached XP level 25. HP: 225/225 MP: 10/43
 21318 | Tomb:3   | Noticed a greater mummy
 21319 | Tomb:3   | Noticed an ancient lich
 21320 | Tomb:3   | Killed a greater mummy
 21322 | Tomb:3   | Noticed a greater mummy
 21332 | Tomb:3   | Killed a greater mummy
 21332 | Tomb:3   | Reached skill level 13 in Shields
 21333 | Tomb:3   | Killed a greater mummy
 21340 | Tomb:3   | Killed a greater mummy
 21340 | Tomb:3   | Reached skill level 14 in Shields
 21345 | Tomb:3   | Killed an ancient lich
 21386 | Tomb:3   | Identified Sif Muna's Handbook of Ashen Evil Magic
 21387 | Tomb:3   | sublimation of blood, at last !
 21393 | Tomb:3   | Learned a level 2 spell: Sublimation of Blood
 21441 | Tomb:3   | Got a golden rune of Zot
 21524 | Tomb:1   | Noticed a greater mummy
 21530 | Tomb:1   | Reached skill level 15 in Shields
 21531 | Tomb:1   | Killed a greater mummy
 21535 | Tomb:1   | Reached skill level 16 in Shields
 21545 | Tomb:1   | Noticed a greater mummy
 21551 | Tomb:1   | Killed a greater mummy
 21634 | Crypt:3  | Identified the +6 morningstar of the Devouring Weasel
                  | {vorpal, rPois Str+7 Dex-2}
 21710 | Crypt:1  | Reached skill level 17 in Shields
 21861 | Vaults:1 | Reached skill level 18 in Shields
 21914 | Depths:1 | Entered Level 1 of the Depths
 21914 | Depths:1 | Noticed Sojobo
 21923 | Depths:1 | Killed Sojobo
 21923 | Depths:1 | Reached skill level 19 in Shields
 21927 | Depths:1 | Noticed Mara
 21935 | Depths:1 | Noticed Irenicus's illusion
 21943 | Depths:1 | Noticed Margery
 21946 | Depths:1 | Killed Mara
 21951 | Depths:1 | Reached skill level 20 in Shields
 21953 | Depths:1 | Found a gateway to a ziggurat.
 21954 | Depths:1 | Killed Margery
 21979 | Zig:1    | Entered Level 1 of a ziggurat
 21991 | Zig:2    | Entered Level 2 of a ziggurat
 22003 | Zig:3    | Entered Level 3 of a ziggurat
 22025 | Zig:3    | Got a brightly glowing bronze ring
 22027 | Zig:3    | Identified the ring "Ubbero" {rPois rN+ MR+ Str+6 Dex+2}
                  | (You found it on level 3 of a ziggurat)
 22031 | Zig:4    | Entered Level 4 of a ziggurat
 22044 | Zig:4    | Got a bloodstained scale mail
 22050 | Zig:5    | Entered Level 5 of a ziggurat
 22054 | Zig:5    | Reached XP level 26. HP: 198/234 MP: 40/43
 22068 | Zig:5    | Got a warped scale mail
 22068 | Zig:5    | Got a glittering iron ring
 22070 | Zig:5    | Identified the ring "Ytefioru" {*Corrode rPois rN+ Int+2}
                  | (You found it on level 5 of a ziggurat)
 22080 | Zig:6    | Entered Level 6 of a ziggurat
 22088 | Zig:6    | Found the +6 arbalest "Damnation" {damnation}
 22094 | Zig:6    | Reached skill level 21 in Shields
 22108 | Zig:6    | Lost mutation: Your magical capacity is low. (-10% MP)
                  | [potion of mutation]
 22108 | Zig:6    | Lost mutation: Scrolls take you a little longer to read.
                  | [potion of mutation]
 22108 | Zig:6    | Lost mutation: You occasionally shout uncontrollably at
                  | your foes. [potion of mutation]
 22108 | Zig:6    | Lost mutation: You evolve. [potion of mutation]
 22108 | Zig:6    | Gained mutation: You are frail. (-10% HP) [potion of
                  | mutation]
 22108 | Zig:6    | Gained mutation: Your mind is acute. (Int +2) [potion of
                  | mutation]
 22117 | Zig:7    | Entered Level 7 of a ziggurat
 22122 | Zig:7    | Found the +3 giant club "Skullcrusher" {speed, Str+7}
 22122 | Zig:7    | Found the +8 trident of the Octopus King {venom, rElec
                  | rPois MR+}
 22124 | Zig:7    | Gained mutation: Scrolls take you a little longer to read.
                  | [a neqoxec]
 22136 | Zig:7    | Learned a level 6 spell: Iron Shot
 22150 | Zig:8    | Entered Level 8 of a ziggurat
 22179 | Zig:8    | Identified the +4 scale mail of Daffodils {rN+ rCorr Int+3
                  | Dex+4} (You found it on level 4 of a ziggurat)
 22181 | Zig:8    | Identified the cursed +1 scale mail "Roatod" {+Blink +Fly
                  | rC+ rCorr} (You found it on level 5 of a ziggurat)
 22191 | Zig:8    | Identified Sif Muna's Catalogue of Intoxication
 22200 | Zig:9    | Entered Level 9 of a ziggurat
 22206 | Zig:9    | Found the +8 longbow "Zephyr" {speed, Dex+3 SInv}
 22208 | Zig:9    | Reached skill level 8 in Armour
 22226 | Zig:10   | Entered Level 10 of a ziggurat
 22232 | Zig:10   | Found the +7 great mace "Undeadhunter" {disrupt, rN+}
 22234 | Zig:10   | Reached skill level 9 in Armour
 22236 | Zig:10   | Reached skill level 10 in Armour
 22242 | Zig:10   | Lost mutation: You are frail. (-10% HP) [potion of
                  | mutation]
 22242 | Zig:10   | Lost mutation: Your mind is acute. (Int +2) [potion of
                  | mutation]
 22242 | Zig:10   | Lost mutation: Scrolls take you a little longer to read.
                  | [potion of mutation]
 22242 | Zig:10   | Lost mutation: Armour fits poorly on your strangely shaped
                  | body. [potion of mutation]
 22242 | Zig:10   | Gained mutation: You are weak. (Str -2) [potion of
                  | mutation]
 22242 | Zig:10   | Gained mutation: Your body sometimes deteriorates upon
                  | taking damage. [potion of mutation]
 22242 | Zig:10   | Gained mutation: You have large cloven feet. [potion of
                  | mutation]
 22242 | Zig:10   | Gained mutation: You are resistant to electric shocks.
                  | (rElec) [potion of mutation]
 22258 | Zig:11   | Entered Level 11 of a ziggurat
 22269 | Zig:11   | Reached skill level 11 in Armour
 22277 | Zig:11   | Lost mutation: You have large cloven feet. [potion of
                  | mutation]
 22277 | Zig:11   | Lost mutation: You can translocate small distances at will.
                  | [potion of mutation]
 22277 | Zig:11   | Lost mutation: You are resistant to electric shocks.
                  | (rElec) [potion of mutation]
 22277 | Zig:11   | Gained mutation: You are resistant to electric shocks.
                  | (rElec) [potion of mutation]
 22277 | Zig:11   | Gained mutation: Your flesh is cold resistant. (rC+)
                  | [potion of mutation]
 22281 | Zig:12   | Entered Level 12 of a ziggurat
 22289 | Zig:12   | Found the +9 heavy crossbow "Sniper" {vorpal, Acc+∞ SInv}
 22294 | Zig:12   | Reached skill level 12 in Armour
 22303 | Zig:12   | Identified the Incunabulum of Enthralling Conjuration
 22313 | Zig:13   | Entered Level 13 of a ziggurat
 22322 | Zig:13   | Reached skill level 13 in Armour
 22338 | Zig:13   | Identified the Almanac of Intoxication
 22343 | Zig:13   | Reached skill level 22 in Shields
 22343 | Zig:13   | Reached XP level 27. HP: 241/241 MP: 10/48
 22352 | Zig:14   | Entered Level 14 of a ziggurat
 22362 | Zig:14   | Reached skill level 14 in Armour
 22372 | Zig:14   | Identified the cursed +0 chain mail "Xudeleong" {rPois rF+
                  | rC- Dex+8} (You found it on level 14 of a ziggurat)
 22384 | Zig:15   | Entered Level 15 of a ziggurat
 22395 | Zig:15   | Reached skill level 15 in Armour
 22433 | Zig:15   | Reached skill level 16 in Armour
 22443 | Zig:16   | Entered Level 16 of a ziggurat
 22456 | Zig:16   | Reached skill level 23 in Shields
 22468 | Zig:16   | Identified The Last Catalogue of the Greatest Mummy
 22495 | Zig:17   | Entered Level 17 of a ziggurat
 22500 | Zig:17   | Noticed an orb of fire
 22500 | Zig:17   | Noticed an orb of fire
 22503 | Zig:17   | Noticed an orb of fire
 22503 | Zig:17   | Gained mutation: You are frail. (-10% HP) [an orb of fire]
 22504 | Zig:17   | Noticed an orb of fire
 22506 | Zig:17   | HP: 47/216 [orb of fire/bolt of fire (19)]
 22506 | Zig:17   | Gained mutation: Your spells are a little easier to cast,
                  | but a little less powerful. [an orb of fire]
 22507 | Zig:17   | Noticed an orb of fire
 22508 | Zig:17   | HP: 13/216 [orb of fire/fireball (42)]
 22508 | Zig:17   | Killed from afar by an orb of fire

Illustrated notes ### ..# ..##### ......# ...^..# ######## #.....########......# #.....+......'......+, #.....########..@...# #............#......# ** #...)..###.........#...., .....#.###.#.#####)#*### .................#.# * ....##.###.#.....#.# ....##.# #.####### # ....##.# #..>....# * * ,* ######.#########.# Turn 669 on D:2: staff of earth at ~650 ##.# ...################# ...................# #################.## #.# #.# #.# ####.# * * #..@.# , , #.##.# * #, ### *, * , * , Turn 728 on D:2: first time in 10+ run I get int at lvl 4, it's a sign

!
#'#.....#.....#.....#'####.######
#'#######.............#....######
....................###..........
....######..........# #..........
....#...............# #..#####...
....#..........#.######.# ,, ##..
....#..........#.......# ,##.
...............).......# , ,#.
............[...@†.....# , #.
..............#..).....# #.
..............#........# , ,*#.
............#........##. #..
......###...#........# #..
....................... ....
......................#. , ....
...............$......# * ...
....)....?............# ,


Turn 1849 on D:4: D:4, almost died with wide space and several priests #...^..#
##^.$)}## #......###...$$)|## #......##.....$:|[## #!.....##....$$$}}=##
#......#......$$))}:## #.(.^$.#......$$$[.[|## '...^..'..^.....$):}=)##
#......#........$$)[:})# #......#.....(.H8$$$$)}# #..^...##^.......$.$$$[#
#......##...^......(($$# ........##..^.......$.$# .........##<..........##
.........^##..........# ...........##.......### 8M.b.†..8...##....###
..≈M≈≈Lz....#* *+ Turn 21387 on Tomb:3: sublimation of blood, at last !

Levels and vault maps discovered:
D:1:      nicolae_arrival_kraken_aquarium_b, layout_rooms
D:2:      layout_basic, overflow_temple_1_default
D:3:      cheibrodos_old_hovel, layout_basic, interstate_on_off, uniq_terence
D:4:      layout_basic, lemuel_round_altar, uniq_eustachio
D:5:      layout_rooms, zin_academy, basic_altar, gup_ossuary_entry_pyramid,
          uniq_grinder
D:6:      layout_cave_pools, tso_altar, trog_ov_bears_minmay,
          minmay_fountain_box, nicolae_water_bricks, lemuel_statue_altar,
          uniq_sigmund
D:7:      layout_rooms, minmay_temple_entry_junction_2, minmay_door_square
D:8:      layout_basic, small_chamber_with_monster
D:9:      layout_cross, kennysheep_mini_moat, fedhas_altar_1,
          dpeg_lair_monsters, hangedman_fish_farm, uniq_gastronok
D:10:     layout_long_grid, basic_altar, kennysheep_cross_room
D:11:     lemuel_ogre_cave, layout_basic, erik_orc_1, serial_shops, shop,
          minmay_rotating_lava, uniq_maurice, uniq_erica
D:12:     layout_long_grid
D:13:     layout_roguey
D:14:     layout_basic, erik_vaults_1, serial_park_square3
          [serial_park_minivault_5x5_3], gauntlet_entry_generic, st_stairs_9,
          xom_teletrap_fun
D:15:     grunt_enter_depths_magical_seal, layout_basic
Temple:   regret_index_temple_waves
Lair:1:   layout_gridlike, serial_bayou_shore_b
Lair:2:   layout_gridlike, minmay_swamp_entry_reptiles,
          gammafunk_ghost_wrathful_warriors, basic_altar
Lair:3:   layout_cave_shapes, ldierk_geyser, serial_bayou_pond_b,
          minmay_lindwurm_lava
Lair:4:   layout_roguey, spider_nest_entry_web_field, gammafunk_ghost_cemetery,
          st_stairs_11, minivault_27, uniq_rupert
Lair:5:   layout_loops_ring, minmay_lair_oklob_chamber, grunt_megastairs_3,
          uniq_sonja
Lair:6:   gammafunk_lair_ancient_temple, layout_cave_pods, slime_altar_1,
          nicolae_volcano_entry_lava_flow, grunt_megastairs_4
Swamp:1:  layout_basic_swamp, nicolae_swamp_very_dense_foliage
Swamp:2:  gammafunk_the_bubble [the_bubble_gammafunk_crates],
          layout_basic_swamp, evilmike_swamp_ruin_house_1, uniq_roxanne
Swamp:3:  layout_basic_swamp, evilmike_swamp_ruin_rubble_2, swamp_pool1,
          lemuel_altar_in_water, uniq_kirke
Swamp:4:  swamp_alternative, layout_basic_swamp, swamp_pool1, grunt_witch_cave,
          infiniplex_staircase_pool
Spider:1: layout_chambers, drop_trap
Spider:2: layout_spider_delve, uniq_donald
Spider:3: layout_spider_delve, gammafunk_ghost_split, uniq_arachne
Spider:4: guppyfry_spider_rune, minmay_another_anthill
Slime:1:  layout_caves
Slime:2:  layout_caves
Slime:3:  layout_caves, nicolae_slime_round_cave
Slime:4:  layout_caves
Slime:5
Orc:1:    layout_caves
Orc:2:    st_orc_ogre_mass, layout_caves, basic_altar, serial_shops, shop,
          uniq_snorg
Elf:1:    layout_rooms, serial_shops, shop, minivault_28, minivault_8,
          grunt_megastairs_2
Elf:2:    layout_rooms, serial_shops,
          nicolae_shop_temple_entry_statues_fountains, guppyfry_library_mini,
          uniq_nikola
Elf:3:    grunt_elf_hall_spiral, layout_rooms, st_stairs_7, minivault_14
Vaults:1: grunt_vaults_bifocal, nicolae_vaults_network_s,
          vaults_room_semicircle, st_cross, nicolae_vaults_ninety_degrees,
          v_misc_30, vaults_room_semicircle, hangedman_vaults_capsules,
          nicolae_vaults_arrows, grunt_vaults_hallway_long, v_alt_pattern_5,
          vaults_dpeg_diagonal, layout_vaults_maze_snakey
Vaults:2: nicolae_vaults_quadrants, nicolae_vaults_little_squares_6,
          hangedman_vaults_cutoff, v_misc_1, blue_anna_dwarven_crypt,
          ontoclasm_vaults_claustrophobia, v_misc_11, hangedman_vaults_trim,
          v_misc_13, ontoclasm_vaults_eye, ontoclasm_vaults_twist,
          layout_vaults_big_room, basic_altar, serial_shops, nicolae_shop_stone,
          nicolae_shop_statue_plus, nicolae_shop_trees
Vaults:3: nicolae_vaults_big_ls, hangedman_vaults_corner_blocks, v_misc_8,
          ontoclasm_vaults_fault, vaults_room_large_hall, v_misc_3,
          hangedman_vaults_hard_town_square, hangedman_vaults_maws, v_misc_31,
          v_misc_3, dpeg_vaults_monster_box, layout_vaults_omnicross,
          serial_shops, shop, shop, nicolae_shop_overgrown_old_shop
Vaults:4: vaults_room_octagon, nicolae_vaults_little_squares_4, v_misc_3,
          v_alt_pattern_6, nicolae_vaults_specimen_jars, v_misc_3,
          nicolae_vaults_ring_of_whatevers, grunt_vaults_diagonal,
          nicolae_vaults_little_squares_1, v_misc_4, layout_vaults_omnigrid,
          uniq_mennas
Vaults:5: uniq_saint_roka, uniq_frederick
Crypt:1:  layout_basic, ebering_ghost_gozag, uniq_bai_suzhen, uniq_khufu,
          uniq_xtahua
Crypt:2:  cheibrodos_crypt_3hun_7po, layout_catacombs, minivault_5
Crypt:3:  cryptofortress_bobbens
Tomb:1
Tomb:2
Tomb:3
Depths:1: layout_basic, enter_ziggurat_d, abyss_entry_small_statue_room,
          grunt_metal_band, gammafunk_ghost_cemetery, serial_shops,
          bzr_firewalk, grunt_ministairs_9, minivault_11,
          hangedman_decor_riveting, minmay_checkered_concentric_circles,
          uniq_mara, uniq_sojobo
Zig:17

Skill      XL: |  1  2  3  4  5  6  7  8  9 10 11 12 13 14 15 16 17 18 19 20 21 22 23 24 25 26 27 |
---------------+----------------------------------------------------------------------------------+-----
Earth Magic    | 5 6 7 9 11 12 14 15 16 17 19 22 25 27 | 27.0
Shields        | 3 4 6 12 20 22 23 | 23.8
Evocations     | 3 7 9 12 14 16 17 | 17.0
Spellcasting   | 2 3 6 9 10 11 12 13 17 18 20 21 | 21.4
Stealth        | 7 |  7.0
Dodging        | 8 10 11 12 15 18 | 18.2
Conjurations   | 2 |  2.5
Armour         | 6 7 13 16 | 16.4
Translocations | 6 |  6.1
Fighting       | 2 7 13 | 13.4
Necromancy     | 3 6 11 | 11.0
Transmutations | |  0.8

Action                   |  1- 3 |  4- 6 |  7- 9 | 10-12 | 13-15 | 16-18 | 19-21 | 22-24 | 25-27 || total
-------------------------+-------+-------+-------+-------+-------+-------+-------+-------+-------++-------
Melee: Club              |    24 |       |       |       |       |       |       |       |       ||    24
       Staff             |     6 |    16 |    51 |    29 |    43 |    30 |    33 |    35 |     4 ||   247
       Dagger            |       |       |       |     6 |    15 |       |       |       |       ||    21
Throw: Dart              |       |       |       |       |     3 |       |       |       |       ||     3
 Cast: Sandblast         |    45 |    78 |   130 |   183 |   293 |   101 |    79 |    15 |     1 ||   925
       Passwall          |     2 |     7 |     3 |    18 |    49 |    10 |     4 |       |       ||    93
       Lee's Rapid Decon |       |       |     5 |    35 |   184 |    78 |    67 |    45 |     9 ||   423
       Stone Arrow       |       |       |     2 |    81 |   190 |    70 |    36 |    16 |    12 ||   407
       Apportation       |       |       |       |       |    18 |    55 |    31 |    45 |    48 ||   197
       Petrify           |       |       |       |       |     3 |       |       |       |       ||     3
       Borgnjor's Vile C |       |       |       |       |       |    66 |    47 |    64 |    37 ||   214
       Shatter           |       |       |       |       |       |    41 |    91 |    50 |    77 ||   259
       Passage of Golubr |       |       |       |       |       |    23 |    28 |    20 |    45 ||   116
       Statue Form       |       |       |       |       |       |       |       |     8 |     4 ||    12
       Sublimation of Bl |       |       |       |       |       |       |       |       |    54 ||    54
 Abil: End Transformatio |       |       |       |       |       |       |       |       |     2 ||     2
Evoke: Wand              |       |    12 |    26 |    32 |    83 |    11 |    17 |    24 |     3 ||   208
       Phial of floods   |       |       |       |       |     5 |     7 |    15 |    13 |     6 ||    46
       Phantom mirror    |       |       |       |       |     1 |     1 |     7 |     3 |     2 ||    14
       Lightning rod     |       |       |       |       |    10 |    15 |    35 |    20 |     9 ||    89
       Condenser vane    |       |       |       |       |     2 |     6 |    21 |    18 |     8 ||    55
       Tin of tremorston |       |       |       |       |     2 |     3 |    26 |    24 |    14 ||    69
       Box of beasts     |       |       |       |       |       |    13 |    20 |    15 |    10 ||    58
  Use: Scroll            |       |     6 |    10 |    13 |    23 |     9 |    16 |    13 |    10 ||   100
       Potion            |       |     3 |     5 |     2 |     6 |       |    11 |     1 |     8 ||    36
 Stab: Sleeping          |     2 |       |     2 |       |     1 |       |       |       |       ||     5
       Paralysed         |       |       |       |     6 |    12 |       |     4 |     7 |       ||    29
       Petrified         |       |       |       |       |     7 |       |       |       |       ||     7
       Distracted        |       |       |       |       |     1 |       |       |       |       ||     1
Armor: Robe              |    22 |       |       |       |       |       |       |       |       ||    22
       Ring mail         |       |    26 |    25 |    48 |   132 |    11 |       |       |       ||   242
       Leather armour    |       |       |       |       |       |    69 |   136 |    81 |    26 ||   312
       Skin              |       |       |       |       |       |       |       |   130 |    30 ||   160
       Scale mail        |       |       |       |       |       |       |       |       |    30 ||    30
Dodge: Dodged            |    56 |    28 |    46 |    65 |   258 |   225 |   429 |   486 |   186 ||  1779
Block: Buckler           |       |     4 |    17 |    29 |    85 |    58 |   106 |   159 |    33 ||   491
       Kite shield       |       |       |       |       |       |       |       |       |   103 ||   103
       Reflection        |       |       |       |       |       |       |       |       |     5 ||     5

Table legend: (Time is in decaauts)
 A = Elapsed time spent in this place.
 B = Non-inter-level travel time spent in this place.
 C = Inter-level travel time spent in this place.
 D = Time resting spent in this place.
 E = Time spent auto-exploring this place.
 F = Levels seen in this place.
 G = Mean time per level.
                   A        B        C        D        E       F      G
               +--------+--------+--------+--------+--------+-----+--------+
         Total |  22472 |  21442 |   1030 |     64 |      0 |  72 |  312.1 |
       Dungeon |   8221 |   7641 |    580 |      0 |      0 |  15 |  548.1 |
        Temple |     41 |     26 |     15 |      0 |      0 |   1 |   41.0 |
          Lair |   3361 |   3153 |    208 |      5 |      0 |   6 |  560.2 |
         Swamp |    697 |    697 |      0 |      0 |      0 |   4 |  174.2 |
   Spider Nest |   1033 |    965 |     68 |      0 |      0 |   4 |  258.2 |
    Slime Pits |    946 |    946 |      0 |     59 |      0 |   5 |  189.2 |
  Orcish Mines |    922 |    843 |     79 |      0 |      0 |   2 |  461.0 |
   Elven Halls |   1921 |   1850 |     71 |      0 |      0 |   3 |  640.3 |
        Vaults |   2023 |   2015 |      8 |      0 |      0 |   5 |  404.6 |
         Crypt |    586 |    586 |      0 |      0 |      0 |   3 |  195.3 |
          Tomb |   1345 |   1345 |      0 |      0 |      0 |   3 |  448.3 |
        Depths |     62 |     62 |      0 |      0 |      0 |   1 |   62.0 |
      Ziggurat |    512 |    512 |      0 |      0 |      0 |  17 |   30.1 |
       Ossuary |    327 |    327 |      0 |      0 |      0 |   1 |  327.0 |
       Volcano |    226 |    226 |      0 |      0 |      0 |   1 |  226.0 |
      Gauntlet |    243 |    243 |      0 |      0 |      0 |   1 |  243.0 |
               +--------+--------+--------+--------+--------+-----+--------+

Top non-repeatable levels by time:
    D:11: 1163 daAuts
  Lair:6: 889 daAuts
   Elf:2: 749 daAuts
   Elf:3: 666 daAuts
  Tomb:1: 652 daAuts
   Orc:2: 649 daAuts
     D:9: 643 daAuts
     D:8: 624 daAuts
    D:12: 617 daAuts
  Lair:5: 614 daAuts
    D:10: 606 daAuts
     D:2: 581 daAuts
Vaults:2: 573 daAuts
  Lair:2: 567 daAuts
    D:15: 559 daAuts

Table legend:
 A = Kills in this place as a percentage of kills in entire the game.
 B = Kills by you in this place as a percentage of kills by you in the entire game.
 C = Kills by friends in this place as a percentage of kills by friends in the entire game.
 D = Other kills in this place as a percentage of other kills in the entire game.
 E = Experience gained in this place as a percentage of experience gained in the entire game.
 F = Experience gained in this place divided by the number of levels of this place that you have seen.
                   A       B       C       D       E      F
               +-------+-------+-------+-------+-------+----------------------
         Total | 100.0 | 100.0 | 100.0 | 100.0 | 100.0 | 21438.1
       Dungeon |  18.8 |  19.6 |   6.0 |   0.0 |   4.5 | 4677.4
          Lair |   6.0 |   6.4 |   0.0 |   9.1 |   3.6 | 9164.7
         Swamp |   4.7 |   4.3 |   9.7 |  36.4 |   3.5 | 13342.2
   Spider Nest |   8.8 |   8.5 |  14.2 |   0.0 |   6.1 | 23573.5
    Slime Pits |   5.0 |   4.5 |  13.4 |   0.0 |   5.8 | 17925.6
  Orcish Mines |   3.8 |   4.1 |   0.0 |   0.0 |   1.5 | 11754.5
   Elven Halls |   7.0 |   6.7 |  11.2 |   9.1 |   8.4 | 43273.3
        Vaults |  15.2 |  15.4 |  12.7 |   9.1 |  20.8 | 64184.2
         Crypt |   4.7 |   4.0 |  17.2 |   0.0 |   5.4 | 27980.7
          Tomb |  11.1 |  11.0 |  10.4 |  36.4 |  20.2 | 103897.3
        Depths |   2.4 |   2.2 |   5.2 |   0.0 |   4.3 | 66319.0
      Ziggurat |  10.5 |  11.1 |   0.0 |   0.0 |  15.3 | 13915.2
       Ossuary |   1.3 |   1.4 |   0.0 |   0.0 |   0.1 | 965.0
       Volcano |   0.5 |   0.5 |   0.0 |   0.0 |   0.2 | 3713.0
      Gauntlet |   0.2 |   0.3 |   0.0 |   0.0 |   0.2 | 3667.0
               +-------+-------+-------+-------+-------+----------------------
